 Dungeon Crawl Stone Soup version 0.17.2-1-ge4368a0 (console) character file.

40 Goblin1989 the Cudgeler (level 3, 34/36 HPs)
             Began as an Ogre Gladiator on Jan 15, 2017.
             Was a Follower of Vehumet.
             Quit the game on level 2 of the Dungeon.
             The game lasted 00:03:05 (1454 turns).

Goblin1989 the Cudgeler (Ogre Gladiator)            Turns: 1454, Time: 00:03:05

Health: 34/36      AC:  3    Str: 20    XL:     3   Next: 50%
Magic:  3/3        EV: 10    Int:  7    God:    Vehumet [*.....]
Gold:   63         SH:  0    Dex: 11    Spells: 0 memorised, 2 levels left

rFire  . . .     SeeInvis .     a - +0 flail
rCold  . . .     Clarity  .     b - +0 robe
rNeg   . . .     SustAt   .     (no shield)
rPois  .         Gourm    .     c - +0 hat
rElec  .         Spirit   .     (no cloak)
rCorr  .         Warding  .     (gloves unavailable)
rMut   .         Stasis   .     (boots unavailable)
MR     .....                    (no amulet)
Stlth  +.........               (no ring)
                                (no ring)

@: not resistant to hostile enchantments, very unstealthy
A: unfitting armour, tough skin 1
a: Renounce Religion


You were on level 2 of the Dungeon.
You worshipped Vehumet.
Vehumet was aware of your devotion.
You were hungry.

You visited 1 branch of the dungeon, and saw 2 of its levels.

You collected 63 gold pieces.

Inventory:

Hand Weapons
 a - a +0 flail (weapon)
Missiles
 Z - 3 throwing nets {=f, !d}
Armour
 b - a +0 robe (worn)
 c - a +0 hat (worn)
Jewellery
 n - an amulet of faith {unknown}
Scrolls
 d - a scroll of enchant weapon {unknown}
 f - a scroll of immolation {unknown}
 g - 2 scrolls of remove curse {unknown}
 i - 2 scrolls of magic mapping {unknown}
 o - a scroll of enchant armour {unknown}
Potions
 h - a potion of agility {unknown}
 j - 2 potions of curing {unknown}
 k - a potion of brilliance {unknown}
 p - a potion of magic {unknown}
Comestibles
 e - a bread ration {@e1}
 l - a royal jelly
 m - a beef jerky


   Skills:
 - Level 2.6 Fighting
 + Level 5.9 Maces & Flails
 - Level 2.0 Throwing
 - Level 2.6 Dodging


You had 2 spell levels left.
You didn't know any spells.

Dungeon Overview and Level Annotations

Branches:
Dungeon (2/15)

Altars:
Fedhas
Vehumet


Innate Abilities, Weirdness & Mutations

You are too large for most types of armour.
You have tough skin (AC +1).


Message History

No target in view!
No target in view!
No target in view!
No target in view!
No target in view!
No target in view!
No target in view!
No target in view!
Unknown command.
There is a faded altar to an unknown god here.
You can't go down here!
This altar will convert you to a god.
You cannot discern which.
Do you pray?
Okay, then.
This altar will convert you to a god.
You cannot discern which.
Do you pray? Vehumet accepts your prayer! Vehumet welcomes you!
You can now gain magical power from killing.
Vehumet offers you knowledge of Magic Dart.
Unknown command.
Are you sure you want to abandon this character and quit the game? (Confirm with "yes".)

.. . .. . ...█.█
██████.. .█
...(....█.█ █....
..█ █.█..█..█
█...█@█.█
███████..█?.█ █.█
............█████.█
███████.....█...█.█
█.█.█.█.█.█.█ .█
█.█..)█.█.█.█ █.█.
█.███.█.█.█.█████.█.
█.█████.█.█.█.....█.
█...................


There were no monsters in sight!

Vanquished Creatures
  2 adders (D:2)
  A worm (D:2)
  3 bats
  A giant cockroach (D:2)
  3 hobgoblins
  A kobold (D:1)
  A ball python (D:1)
  A giant gecko (D:1)
  3 giant newts
  2 goblins (D:1)
  4 rats (D:1)
22 creatures vanquished.

Notes
Turn   | Place    | Note
--------------------------------------------------------------
     0 | D:1      | Goblin1989 the Ogre Gladiator began the quest for the Orb.
     0 | D:1      | Reached XP level 1. HP: 22/22 MP: 1/1
   381 | D:1      | Reached XP level 2. HP: 29/29 MP: 2/2
   910 | D:2      | Reached skill level 5 in Maces & Flails
  1043 | D:2      | Reached XP level 3. HP: 26/36 MP: 3/3
  1211 | D:2      | Found a blossoming altar of Fedhas.
  1234 | D:2      | Found a faded altar to an unknown god.
  1454 | D:2      | Became a worshipper of Vehumet
  1454 | D:2      | Reached * piety under Vehumet
  1454 | D:2      | Offered knowledge of Magic Dart by Vehumet.
  1454 | D:2      | Quit the game

Action                   || total
-------------------------++-------
Melee: Flail             ||    71
 Stab: Distracted        ||     1
       Sleeping          ||     2
  Eat: Chunk             ||     1

Vault maps used:
D:1:      saegor_arrival_under_anarchy
D:2:      grunt_temple_overflow_forces_of_nature, ecumenical_altar_1
